 Dungeon Crawl Stone Soup version 0.21-a0-241-g2cbab09 (webtiles) character file.

82 Blomdor the Magician (level 4, 0/34 HPs)
             Began as a Barachi Wizard on Sept 4, 2017.
             Slain by a gnoll (4 damage)
             ... on level 2 of the Dungeon.
             The game lasted 00:04:58 (2899 turns).

Blomdor the Magician (Barachi Wizard)               Turns: 2899, Time: 00:04:59

Health: 0/34       AC:  2    Str:  9    XL:     4   Next: 43%
Magic:  8/8        EV: 12    Int: 19    God:
Gold:   72         SH:  0    Dex: 10    Spells: 8/9 levels left

rFire    . . .     SeeInvis .   (no weapon)
rCold    . . .     Gourm    .   (no shield)
rNeg     . . .     Faith    .   a - +0 robe
rPois    .         Spirit   .   b - +0 hat
rElec    .         Reflect  .   (no cloak)
rCorr    .         Harm     .   (no gloves)
MR       .....     Rnd*Rage +   (no boots)
Stlth    ++........             (no amulet)
HPRegen  0.11/turn              (no ring)
MPRegen  0.11/turn              (no ring)

@: can't hop, slow
A: +LOS, swims, claws 1, berserk 1, blurry vision 1, slowness 1, strong legs 1
a: Hop


You were on level 2 of the Dungeon.
You were not hungry.

You visited 1 branch of the dungeon, and saw 2 of its levels.

You collected 72 gold pieces.

Inventory:

Hand Weapons
 g - a +0 short sword
 r - a +0 hunting sling
Missiles
 q - 52 stones (quivered)
Armour
 a - a +0 robe (worn)
 b - a +0 hat (worn)
 j - a +0 shield
Jewellery
 p - an uncursed ring of protection from magic {unknown}
Scrolls
 e - a scroll of fog {unknown}
 f - a scroll of immolation {unknown}
 h - 2 scrolls of recharging {unknown}
 i - a scroll of noise {unknown}
 k - a scroll of fear {unknown}
 m - a scroll of enchant weapon {unknown}
 t - 3 scrolls of identify {unknown}
Potions
 l - a potion of brilliance
Books
 c - a book of Minor Magic

   Spells                             Type                      Level
   a - Magic Dart                     Conjuration                  1
   b - Blink                          Translocation                2
   c - Call Imp                       Summoning                    2
   d - Slow                           Hexes                        2
   e - Conjure Flame                  Conjuration/Fire             3
   f - Mephitic Cloud                 Conjuration/Poison/Air       3
Comestibles
 d - a bread ration
 o - 4 fruits


   Skills:
 + Level 2.9 Fighting
 + Level 2.2 Armour
 - Level 2.1 Dodging
 - Level 1.7 Stealth
 + Level 2.1 Shields
 - Level 3.2 Spellcasting
 - Level 1.1 Conjurations
   Level 1.2 Summonings
   Level 1.1 Translocations


You had 8 spell levels left.
You knew the following spells:

 Your Spells              Type           Power        Failure   Level  Hunger
a - Magic Dart            Conj           #...         10%         1    None


Dungeon Overview and Level Annotations

Branches:
Dungeon (2/15)

Altars:
Gozag
Trog
Zin


Innate Abilities, Weirdness & Mutations

Shadows flee at your approach. (+LOS)
You can swim through water.
You cover ground slowly.
You can hop short distances.
You have sharp fingernails.
You tend to lose your temper in combat.
Scrolls take you a little longer to read.


Message History

The jackal closely misses you.
Unknown command.
Really attack while wielding your +0 hunting sling? [Y]es or [N]o only, please.
Really attack while wielding your +0 hunting sling? [Y]es or [N]o only, please.
Really attack while wielding your +0 hunting sling? [Y]es or [N]o only, please.
Really attack while wielding your +0 hunting sling? [Y]es or [N]o only, please.
Really attack while wielding your +0 hunting sling?
Okay, then.
Wield which item (- for none, * to show all)? (? for menu, Esc to quit)
g - a +0 short sword (weapon)
The jackal closely misses you.
You closely miss the jackal.
The jackal bites you but does no damage.
Wield which item (- for none, * to show all)? (? for menu, Esc to quit)
You are now empty-clawed.
The gnoll hits you.
You die...

#.#.....g...............##....
#.#####.................#.....
#.# #.................#..[..
#.# #....g............#.....
#.# ###.................#####.
#.# #..........###......#####.
#.# #.....####g..#......'...'.
#.# #.....#..hg.........#####.
#.# #######..@......##### #.
#.# #######.....#...# #######.
#.# #...............###.......
#.# #.##......................
#.# #.#..................(...#
#.# #.#..........#............
#.# #.#......#'#.###...##.####
#.# #.#.....<..#.# #...##.####
#.# #.#.########.# #...##.##_.


You could see 2 gnolls and a jackal.

Vanquished Creatures
  A gnoll (D:2)
  An adder (D:2)
  4 worms (D:2)
  A dart slug (D:1)
  2 leopard geckos (D:1)
  8 bats
  2 giant cockroaches (D:1)
  4 goblins
  5 hobgoblins
  A jackal (D:2)
  6 kobolds
  A quokka (D:2)
  A ball python (D:1)
  8 frilled lizards
  A quokka zombie (D:1)
  5 rats
51 creatures vanquished.

Notes
Turn   | Place    | Note
-------+----------+-------------------------------------------
     0 | D:1      | Blomdor the Barachi Wizard began the quest for the Orb.
     0 | D:1      | Reached XP level 1. HP: 13/13 MP: 4/4
    14 | D:1      | Reached skill level 1 in Fighting
    57 | D:1      | Reached XP level 2. HP: 22/22 MP: 3/6
   727 | D:1      | Reached XP level 3. HP: 13/28 MP: 0/7
   961 | D:1      | Reached skill level 1 in Armour
  1211 | D:2      | Noticed an angel
  1212 | D:2      | Found a glowing silver altar of Zin.
  1255 | D:2      | Reached skill level 1 in Shields
  2527 | D:2      | Reached XP level 4. HP: 25/34 MP: 8/8
  2706 | D:2      | Found an opulent altar of Gozag.
  2774 | D:2      | Found a bloodstained altar of Trog.
  2896 | D:2      | Gained mutation: You tend to lose your temper in combat. [potion of mutation]
  2896 | D:2      | Gained mutation: Scrolls take you a little longer to read. [potion of mutation]
  2896 | D:2      | Gained mutation: You have sharp fingernails. [potion of mutation]
  2899 | D:2      | Slain by a gnoll

Vault maps used:
D:1:      dpeg_arrival_short_road, minmay_splitting_lines
D:2:      bloody_trog, lemuel_crystal_altar, zin_angel

Skill      XL: |  1  2  3  4 |
---------------+-------------+-----
Fighting       | 1 2 |  2.9
Armour         | 2 |  2.2
Shields        | 1 2 |  2.1
Dodging        | |  2.1
Stealth        | |  1.7
Spellcasting   | |  3.2
Conjurations   | |  1.1
Summonings     | |  1.2
Translocations | |  1.1

Action                   |  1- 3 |  4- 6 || total
-------------------------+-------+-------++-------
Melee: Unarmed           |     7 |       ||     7
       Short sword       |   173 |     3 ||   176
 Fire: Hunting sling     |    12 |    15 ||    27
 Cast: Magic Dart        |    36 |     5 ||    41
 Abil: Hop               |     3 |     1 ||     4
  Use: Potion            |     1 |     1 ||     2
 Stab: Sleeping          |     3 |       ||     3
  Eat: Chunk             |     6 |     1 ||     7
Armor: Robe              |    44 |     3 ||    47
Dodge: Dodged            |   122 |    13 ||   135

Table legend:
 A = Spawn XP
 B = Non-spawn XP
 C = Spawn XP percentage of total XP
 D = Spawn monster count
 E = Non-spawn monster count
 F = Spawn count percentage of total count
 G = Total turns spent on level
                    A         B        C        D         E        F      G
               +---------+---------+-------+---------+---------+-------+---------
         Total |      28 |      90 |  23.7 |      10 |      41 |  19.6 |  2899
               +---------+---------+-------+---------+---------+-------+---------
           D:1 |      12 |      38 |  24.0 |       8 |      23 |  25.8 |  1883
           D:2 |      16 |      52 |  23.5 |       2 |      18 |  10.0 |  1016
               +---------+---------+-------+---------+---------+-------+---------
